 Dungeon Sprint DCSS version 0.28.0-43-g3370ac3207 (webtiles) character file.

Game seed: 11780661502712926115

4307 boopmooplesden the Severer (level 10, -14/99 HPs)
             Began as a Minotaur Berserker on Mar 9, 2022.
             Was a High Priest of Trog.
             Killed from afar by Roxanne (30 damage)
             ... with an iron shot
             ... in the Dungeon (Sprint II: "The Violet Keep of Menkaure").
             The game lasted 00:03:31 (1971 turns).

boopmooplesden the Severer (Minotaur Berserker)     Turns: 1971, Time: 00:03:32

Health: -14/99     AC: 17    Str: 25    XL:     10   Next: 11%
Magic:  9/9        EV: 10    Int: 11    God:    Trog [*****.]
Gold:   550        SH:  0    Dex: 11    Spells: 9/9 levels left

rFire   . . .      SeeInvis +   j - +3 battleaxe (vorpal)
rCold   . . .      Faith    .   (shield currently unavailable)
rNeg    . . .      Spirit   .   c - +1 plate armour of the Apricot {Int+7 Slay-3 SInv}
rPois   .          Reflect  .   (helmet restricted)
rElec   .          Harm     .   (no cloak)
rCorr   .          Rampage  .   x - +0 pair of gloves
Will    .....      NoTele   +   (no boots)
Stlth   ..........              (no amulet)
HPRegen 0.26/turn               (no ring)
MPRegen 0.11/turn               (no ring)

@: on berserk cooldown, slowed, very slow
A: horns 2, retaliatory headbutt, frail 1
a: Renounce Religion, Berserk, Trog's Hand, Brothers in Arms


You were in the Dungeon.
You worshipped Trog.
Trog was extremely pleased with you.
You visited 1 branch You collected 1362 gold pieces.
You spent 812 gold pieces at shops.

Inventory:

Hand Weapons
 a - a +0 hand axe
 j - a +3 vorpal battleaxe (weapon)
Armour
 b - a +0 animal skin
 c - the +1 plate armour of the Apricot (worn) {Int+7 Slay-3 SInv}
   (You bought it in a shop in the Dungeon)

   Int:       It affects your intelligence (+7).
   Slay:      It affects your accuracy & damage with ranged weapons and melee
   (-3).
   SInv:      It lets you see invisible.
 x - a +0 pair of gloves (worn)
Jewellery
 o - a ring of fire
 v - an amulet of regeneration
 w - a +4 ring of evasion
Scrolls
 h - 2 scrolls of blinking
 k - a scroll of fog
 r - 2 scrolls of immolation
Potions
 d - 2 potions of heal wounds
 e - 2 potions of haste
 f - 5 potions of magic
 g - a potion of berserk rage
 l - 3 potions of resistance
 n - a potion of might
 p - 3 potions of flight
 q - a potion of mutation
 s - a potion of curing
 u - a potion of attraction


   Skills:
 + Level 17.2 Fighting
 + Level 17.9 Axes
 + Level 10.4 Armour
 + Level 9.1 Dodging
 + Level 1.8 Stealth


You had 9 spell levels left.
You didn't know any spells.
Your spell library was empty.

Dungeon Overview and Level Annotations

Branches:
Dungeon (1/1)

Altars:
Cheibriados
Dithmenos
Elyvilon
Fedhas
Gozag
Hepliaklqana
Kikubaaqudgha
Makhleb
Nemelex Xobeh
Okawaru
Qazlal
Ru
Sif Muna
Trog
Uskayaw
Vehumet
Wu Jian
Xom
Yredelemnul
Zin
The Shining One
Beogh
Jiyva
Lugonu

Shops:
D *(:[[[::!:=?![=

Annotations:
D exclusion: oklob plant, Roxanne


Innate Abilities, Weirdness & Mutations

You have a pair of horns on your head.
You reflexively headbutt those who attack you in melee.
You are frail. (-10% HP)


Message History

Your unstable footing causes you to fumble your attack.
Your unstable footing causes you to fumble your attack.
You hit Roxanne but do no damage.
Roxanne is lightly damaged.
Roxanne mumbles some strange words.
The bolt of magma hits you.
You hit Roxanne but do no damage.
Roxanne is lightly damaged.
You hit Roxanne but do no damage. You headbutt Roxanne, but do no damage.
Roxanne is lightly damaged.
Roxanne mumbles some strange words.
The crystal spear hits you!!
* * * LOW HITPOINT WARNING * * *
You slash Roxanne! You headbutt Roxanne!
Roxanne is moderately damaged.
Your unstable footing causes you to fumble your attack.
Roxanne mumbles some strange words.
You blink.
Splash!
Roxanne mutters, "When I said I wanted to live forever... this was not what I had in mind."
You feel a strong urge to attack something.
You are no longer berserk.
You are exhausted.
You feel yourself slow down.
Your unstable footing causes you to fumble your attack.
Your unstable footing causes you to fumble your attack.
Roxanne casts a spell.
The bolt of magma misses you.
Your unstable footing causes you to fumble your attack.
You slash Roxanne!
Roxanne is moderately damaged.
Your unstable footing causes you to fumble your attack.
You hit Roxanne but do no damage.
Roxanne is moderately damaged.
Your unstable footing causes you to fumble your attack.
Your unstable footing causes you to fumble your attack.
Roxanne wails, "NOOOO!"
Roxanne casts a spell.
The iron shot hits you!!
You die...

,≈,***,,,,.,,##§§§###§≈#._._._._#
≈,≈**,,,,,,,,,*#§≈#,#§§#_._._._.#
≈,,+,,,,,,,,,,,+§≈#+#§§#..._._._#
≈,,**,,,,,,,,,##≈≈≈≈≈≈≈##########
≈,≈***,,,,,,,###########≈≈≈≈≈≈≈≈§
,≈,*∩****+**##≈§§§.≈§###≈########
≈≈**,,,,***##§.§§§§§§§##≈#,,,,,,#
≈**∩,^,,,,,+§.≈.§8§§§≈.'≈#,,,,,,*
**********,##§§§@§§§≈≈####,,,,,,+
,,,,,,,,,*,,##§§§§§.≈##***,,,,,,*
**********,^,#########,,,,,,,,,,*
,,^,,,,,,,,,^+,+333+,+,,,,,,,,,,*
***************#####*************


You could see Roxanne and 2 sixfirhies.

Vanquished Creatures
  2 deep trolls (D)
  A merfolk siren (D)
  A yaktaur (D)
  3 polar bears (D)
  A hornet (D)
  A blink frog (D)
  2 wyverns (D)
  4 neqoxecs (D)
  5 water moccasins (D)
  4 necrophages (D)
  A tentacle (D)
25 creatures vanquished.

Vanquished Creatures (others)
  Menkaure (D)
  12 tentacles (D)
13 creatures vanquished.

Grand Total: 38 creatures vanquished

Notes
Turn   | Place    | Note
-------+----------+-------------------------------------------
     0 | D        | boopmooplesden the Minotaur Berserker began the quest for
                  | the Orb.
     0 | D        | Reached XP level 1. HP: 19/19 MP: 0/0
     1 | D        | Noticed a necrophage
     1 | D        | Noticed a necrophage
     1 | D        | Noticed a necrophage
     1 | D        | Noticed a necrophage
     4 | D        | Killed a necrophage
     5 | D        | Reached XP level 2. HP: 34/34 MP: 1/1
     5 | D        | Reached XP level 3. HP: 39/39 MP: 2/2
     5 | D        | Reached XP level 4. HP: 47/47 MP: 3/3
     8 | D        | Killed a necrophage
     9 | D        | Reached XP level 5. HP: 56/56 MP: 4/4
    14 | D        | Killed a necrophage
    14 | D        | Reached ** piety under Trog
    14 | D        | Killed a necrophage
    15 | D        | Reached skill level 10 in Fighting
    15 | D        | Reached skill level 10 in Axes
    15 | D        | Reached skill level 5 in Armour
    15 | D        | Reached skill level 5 in Dodging
    15 | D        | Reached XP level 6. HP: 67/67 MP: 5/5
    45 | D        | Noticed a merfolk siren
    57 | D        | Killed a merfolk siren
    57 | D        | Reached *** piety under Trog
    58 | D        | Reached XP level 7. HP: 55/77 MP: 6/6
    58 | D        | Killed Menkaure
   162 | D        | Noticed a wyvern
   162 | D        | Noticed a wyvern
   165 | D        | Killed a wyvern
   168 | D        | Killed a wyvern
   206 | D        | Noticed a neqoxec
   206 | D        | Noticed a neqoxec
   206 | D        | Noticed a neqoxec
   206 | D        | Noticed a neqoxec
   211 | D        | Killed a neqoxec
   212 | D        | Reached XP level 8. HP: 86/86 MP: 7/7
   212 | D        | Gained mutation: You are frail. (-10% HP) [a neqoxec]
   218 | D        | Reached **** piety under Trog
   221 | D        | Reached skill level 15 in Axes
   227 | D        | Found Tepiyrin's Antique Armour Boutique.
   227 | D        | Found Juxkeyda's Magic Scroll Shop.
   227 | D        | Found Ytodd's Distillery.
   227 | D        | Found Yfyheick's Book Boutique.
   227 | D        | Found Uthruadibb's Book Shop.
   446 | D        | Found Xaorchigock's Jewellery Shop.
   446 | D        | Found Zacodgha's Jewellery Shop.
   446 | D        | Found Buneoqo's Book Shop.
   447 | D        | Found Ogomufokh's Distillery.
   447 | D        | Found Jadake's Antique Armour Shop.
   447 | D        | Found Faimueho's Armour Boutique.
   456 | D        | Noticed a hell hog
   456 | D        | Noticed a hell hog
   460 | D        | Found Igus's Antique Armour Boutique.
   460 | D        | Noticed an oklob plant
   461 | D        | Found Adaene's Antique Weapon Shop.
   461 | D        | Found Kuathroiw's General Store.
   461 | D        | Found Ostriemm's Book Shoppe.
   462 | D        | Bought a tiger eye-studded plate armour for 812 gold pieces
   462 | D        | Identified the +1 plate armour of the Apricot {Int+7 Slay-3
                  | SInv} (You bought it in a shop in the Dungeon)
   540 | D        | Noticed a blink frog
   591 | D        | Killed a blink frog
   828 | D        | Found a stormy altar of Qazlal.
   828 | D        | Found an ornate altar of the Wu Jian Council.
   829 | D        | Found a hazy altar of Hepliaklqana.
   829 | D        | Found a sacrificial altar of Ru.
   829 | D        | Found a shimmering altar of Xom.
   830 | D        | Found a viscous altar of Jiyva.
   830 | D        | Found a shimmering blue altar of Sif Muna.
   831 | D        | Found a snail-covered altar of Cheibriados.
   831 | D        | Found an ancient bone altar of Kikubaaqudgha.
   831 | D        | Found a bloodstained altar of Trog.
   832 | D        | Found a shadowy altar of Dithmenos.
   832 | D        | Found a corrupted altar of Lugonu.
   833 | D        | Found a white marble altar of Elyvilon.
   833 | D        | Found a burning altar of Makhleb.
   834 | D        | Found a blossoming altar of Fedhas.
   836 | D        | Noticed a yaktaur
   836 | D        | Noticed a hornet
   836 | D        | Noticed a polar bear
   836 | D        | Noticed a polar bear
   836 | D        | Noticed a polar bear
   840 | D        | Killed a polar bear
   841 | D        | Reached skill level 15 in Fighting
   841 | D        | Reached XP level 9. HP: 87/87 MP: 8/8
   845 | D        | Killed a polar bear
   849 | D        | Reached ***** piety under Trog
   854 | D        | Killed a yaktaur
   859 | D        | Killed a polar bear
   860 | D        | Reached skill level 1 in Stealth
   898 | D        | Found an opulent altar of Gozag.
   904 | D        | Noticed a kraken
   918 | D        | Received a gift from Trog
  1645 | D        | Found a sparkling altar of Nemelex Xobeh.
  1645 | D        | Found a hide-covered altar of Uskayaw.
  1645 | D        | Found a basalt altar of Yredelemnul.
  1646 | D        | Found an iron altar of Okawaru.
  1646 | D        | Found a radiant altar of Vehumet.
  1646 | D        | Found a glowing silver altar of Zin.
  1655 | D        | Noticed a deep troll
  1658 | D        | Noticed a deep troll
  1659 | D        | Killed a deep troll
  1671 | D        | Killed a deep troll
  1672 | D        | Reached skill level 10 in Armour
  1672 | D        | Reached XP level 10. HP: 52/99 MP: 9/9
  1909 | D        | Found a glowing golden altar of the Shining One.
  1916 | D        | Noticed Roxanne
  1942 | D        | Noticed a sixfirhy
  1944 | D        | Noticed a sixfirhy
  1961 | D        | Noticed a sixfirhy
  1971 | D        | Killed from afar by Roxanne

Illustrated notes

Levels and vault maps discovered:
D:        the_violet_keep_of_menkaure [sprint2_stairs_cluster_1,
          sprint2_shoproom, sprint2_temple, sprint2_basic_supplies,
          sprint2_obstacle_2, sprint2_obstacle_6, sprint2_obstacle_4,
          sprint2_obstacle_1, sprint2_obstacle_5, sprint2_timed_cluster_1,
          sprint2_smallroom_cluster_1, sprint2_smallroom_final_cluster_1,
          sprint2_transparent_cluster_1, sprint2_second_timed_cluster_1,
          sprint2_sniper_area_1, sprint2_heavy_combat_area_1,
          sprint2_mutation_trap_area_1, sprint2_forest_area_1,
          sprint2_light_combat_area_1, sprint2_behind_water_1,
          sprint2_near_end_vault_1]

Skill      XL: |  1  2  3  4  5  6  7  8  9 |
---------------+----------------------------+-----
Fighting       | 7 8 10 12 13 15 17 | 17.2
Axes           | 7 9 10 12 14 16 17 | 17.9
Armour         | 4 5 6 7 8 10 | 10.4
Dodging        | 3 4 5 6 7 8 9 |  9.1
Stealth        | 1 |  1.8

Action                   |  1- 3 |  4- 6 |  7- 9 | 10-12 || total
-------------------------+-------+-------+-------+-------++-------
Melee: Hand axe          |     2 |    20 |    94 |       ||   116
       Headbutt          |     1 |     2 |    20 |     2 ||    25
       Battleaxe         |       |       |    23 |    21 ||    44
Invok: Berserk           |     1 |       |     5 |     1 ||     7
  Use: Potion            |       |       |     1 |       ||     1
       Scroll            |       |       |     9 |       ||     9
Armor: Animal skin       |       |     1 |     3 |       ||     4
       Plate armour      |       |       |    44 |       ||    44
Dodge: Dodged            |       |     6 |    47 |     1 ||    54
